Map: Automaton LE

Players

TiPtOP

  • Race: Terran Terran
  • League: Silver
  • Spawn Location: 3:00

llllllllllll - Winner!

  • Race: Protoss Protoss
  • League: Gold
  • Spawn Location: 9:00

VOD

Have the link to the VOD?

Description

Time

  • Played on: May 7, 2019, 7:17 a.m.
  • Length: 5:44
Show
View Real Time Build Order
Export as new Build Order

TiPtOP Terran 

Build Orders:  

Get SALT Encoding   

  12  0:01  SCV  
  13  0:13  SCV  
  14  0:19  Supply Depot  
  14  0:29  Refinery  
  14  0:30  SCV  
  15  0:42  SCV  
  16  0:53  Barracks  
  16  0:57  SCV  
  17  1:14  SCV  
  18  1:26  SCV  
  19  1:41  Orbital Command  
  19  1:42  Reaper  
  20  1:56  Barracks  
  20  2:11  SCV  
  21  2:20  Barracks Reactor  
  21  2:28  SCV  
  22  2:30  Supply Depot  
  22  3:01  SCV  
  22  3:02  Barracks Tech Lab  
  22  3:07  Command Center  
  22  3:19  SCV  
  23  3:27  Factory  
  23  3:32  Marine x2, Marauder  
  27  3:36  SCV  
  28  3:51  Marine x2  
  30  3:57  Supply Depot  
  30  4:00  Supply Depot  
  30  4:09  SCV  
  31  4:19  Marauder  
  31  4:21  SCV x2  
  35  4:24  Factory Reactor  
  35  4:29  Starport  
  35  4:33  SCV  
  35  4:35  Marine x2  
  38  4:40  SCV  
  38  4:45  SCV  
  31  5:05  Marine  
  31  5:06  Marine  
  31  5:07  Marauder  
  26  5:24  SCV x2  
Show
View Real Time Build Order
Export as new Build Order

llllllllllll Protoss - Winner!

Build Orders:  

Get SALT Encoding   

  12  0:00  Probe  
  13  0:12  Probe  
  14  0:19  Pylon  
  14  0:25  Probe  
  15  0:33  Probe  
  15  0:40  Gateway  
  16  0:44  Probe  
  16  0:45  Assimilator  
  17  0:55  Probe  
  18  1:04  Probe  
  19  1:12  Probe  
  19  1:13  Pylon  
  20  1:22  Probe  
  21  1:30  Cybernetics Core  
  21  1:34  Assimilator  
  21  1:35  Probe  
  22  1:49  Probe  
  22  1:51  Pylon  
  23  2:01  Probe  
  24  2:09  Stalker  
  24  2:10  Warp Gate  
  24  2:13  Robotics Facility  
  26  2:31  Probe  
  27  2:40  Nexus  
  27  2:52  Warp Prism  
  29  3:08  Shield Battery  
  29  3:12  Gateway  
  29  3:15  Probe  
  30  3:23  Immortal  
  30  3:27  Probe  
  35  3:40  Pylon  
  35  3:44  Probe  
  36  3:52  Gateway  
  36  4:01  Gateway  
  36  4:10  Twilight Council  
  36  4:15  Adept  
  38  4:20  Adept  
  40  4:27  Shield Battery  
  40  4:42  Immortal  
  44  4:52  Adept  
  44  4:53  Adept  
  48  5:14  Adept x4  
  54  5:42  Adept x2  
  56  5:43  Adept x2  
Tags
 
Add a new tag
Caveats
  • Supply blocks, unpowered buildings, or Contaminate may cause inaccurate times.
  • Supply counts are checked every 10 seconds.